 Dungeon Crawl Stone Soup version 0.31.0-12-g77e489cdc1 (webtiles) character file.

Game seed: 9864180892510990970

193 spaghetti the Covert (level 5, -7/49 HPs)
             Began as a Naga Chaos Knight on Mar 7, 2024.
             Was a Plaything of Xom.
             Killed by divine providence
             ... invoked by a smoke demon
             ... summoned by Xom
              (8 damage)
             ... on level 4 of the Dungeon.
             The game lasted 00:03:45 (2817 turns).

spaghetti the Covert (Naga Chaos Knight)            Turns: 2817, Time: 00:03:46

Health: -7/49      AC:  6    Str: 14    XL:     5   Next: 72%
Magic:  5/5        EV:  9    Int: 14    God:    Xom [..*...]
Gold:   176        SH:  0    Dex: 17    Spells: 4/4 levels left

rFire   + . .        k - +3 dagger (vamp)
rCold   . . .        (no shield)
rNeg    . . .        a - +3 leather armour
rPois   +            (no helmet)
rElec   .            (no cloak)
rCorr   .            (no gloves)
SInv    +            (no barding)
Will    .....        (no amulet)
Stlth   ++++         h - ring of protection from fire
HPRegen 0.28/turn    l - +6 ring of dexterity
MPRegen 0.09/turn

%: no passive effects
@: brilliant, short of breath, very slow
A: AC +1, large, see invisible, deformed body, poison resistance, slowness 2,
spit poison 1, naga tail 1
a: Spit Poison, Renounce Religion


You were on level 4 of the Dungeon.
You worshipped Xom.
You were a toy of Xom.
You visited 1 branch of the dungeon, and saw 5 of its levels.

You collected 176 gold pieces.

Inventory:

Hand Weapons
 k - a +3 vampiric dagger (weapon)
Armour
 a - a +3 leather armour (worn)
Jewellery
 h - a ring of protection from fire (left hand)
 l - a +6 ring of dexterity (right hand)
Scrolls
 b - a scroll of butterflies
 c - a scroll of revelation
 e - a scroll of amnesia
 f - a scroll of teleportation
 g - 2 scrolls of poison
 j - 2 scrolls of identify
Potions
 d - a potion of ambrosia


   Skills:
 - Level 3.0 Fighting
 - Level 1.5 Armour
 - Level 0.7 Dodging
 + Level 8.4 Stealth
 - Level 3.0 Unarmed Combat


You had 4 spell levels left.
You didn't know any spells.
Your spell library was empty.

Dungeon Overview and Level Annotations

Branches:
Dungeon (5/15)
 Temple: D:4-7

Altars:
Fedhas

Shops:
D:1 :

Annotations:
D:5 Grinder


Innate Abilities, Weirdness & Mutations

Your serpentine skin is tough. (AC +1)
You have supernaturally acute eyesight. (SInv)
Armour fits poorly on your strangely shaped body.
Your system is resistant to poisons. (rPois)
You cover ground very slowly.
You can spit poison.
You have a snake-like lower body.


Message History

You are too injured to fight recklessly!
You are too injured to fight recklessly!
You are too injured to fight recklessly!
You are too injured to fight recklessly!
You are too injured to fight recklessly!
You are too injured to fight recklessly!
You are too injured to fight recklessly!
Unknown command.
Unknown command.
The white imp attacks as it pursues you!
The white imp closely misses you. The smoke demon gestures at you.
Xom smites you!
The white imp shouts, "Fly, thou feckless fool-born measle!"
The smoke demon gestures at you. Xom smites you! The white imp hits you.
The white imp freezes you. The white imp gestures at you.
The puff of frost hits you. The white imp gestures at you.
The puff of frost hits you!
* * * LOW HITPOINT WARNING * * *
You aren't carrying any items that you can evoke.
It was a potion of brilliance.
You feel clever all of a sudden.
Xom thinks this is hilarious!
Unknown command.
Unknown command.
Aiming: Spit Poison (1% risk of failure)
Press: ? - help, Shift-Dir - straight line, f - smoke demon
Aim: a smoke demon (summoned, 65% to hit)
The splash of poison hits the smoke demon.
The smoke demon is poisoned.
The smoke demon is lightly wounded.
The smoke demon gestures at you. The ball of steam hits you! You resist.
* * * LOW HITPOINT WARNING * * *
Okay, then.
The smoke demon gestures at you. Xom smites you!
You die...

#### ...# #######
##.# #########.3...#
#.###.........#ยง####
#.##.......#5.#@##<#
#.##..#.......#.##.#
#.##..#.#..#..#.##.#
#.##..#.........##.#
#.##.......#....##.#
#.##..#..#.#....##.#
#..)............##.#
.####.....#.#)...##.#
..).)...).<.......#.#


You could see a smoke demon (summoned, poisoned).

Vanquished Creatures
  An iguana (D:4)
  2 gnolls
  4 adders
  2 dart slugs
  A ribbon worm (D:2)
  6 endoplasms
  2 giant cockroaches
  13 goblins
  9 hobgoblins
  4 jackals
  3 quokkas
  7 ball pythons
  4 bats
  3 frilled lizards
  7 kobolds
  4 rats
72 creatures vanquished.

Vanquished Creatures (collateral kills)
  Robin (D:4)
  2 gnolls (D:4)
  A goblin (D:4)
4 creatures vanquished.

Grand Total: 76 creatures vanquished

Notes
Turn   | Place    | Note
-------+----------+-------------------------------------------
     0 | D:1      | spaghetti the Naga Chaos Knight began the quest for the
                  | Orb.
     0 | D:1      | Reached XP level 1. HP: 21/21 MP: 1/1
    31 | D:1      | Reached skill level 1 in Stealth
    44 | D:1      | Reached skill level 2 in Stealth
    55 | D:1      | Reached XP level 2. HP: 12/28 MP: 2/2
   139 | D:1      | Reached skill level 3 in Stealth
   189 | D:1      | XOM: divination: detect items
   235 | D:1      | XOM: divination: detect items
   292 | D:1      | Found Suffe's Book Emporium.
   321 | D:1      | Reached skill level 4 in Stealth
   354 | D:1      | Reached XP level 3. HP: 34/34 MP: 3/3
   722 | D:2      | XOM: silly message
   755 | D:2      | XOM: smoke on damage
   836 | D:2      | Found a faded altar of an unknown god.
  1230 | D:2      | Reached skill level 5 in Stealth
  1383 | D:3      | Reached XP level 4. HP: 34/42 MP: 4/4
  1480 | D:3      | Reached skill level 6 in Stealth
  1627 | D:3      | XOM: divination: magic mapping
  1663 | D:3      | XOM: silly message
  1726 | D:3      | Identified the +1 sling of Certain Death {heavy, rPois rN++
                  | Int-5 SInv}
  2024 | D:3      | XOM: cloud trail
  2311 | D:4      | Found a blossoming altar of Fedhas.
  2462 | D:4      | XOM: potion effect (attraction)
  2486 | D:4      | Reached skill level 7 in Stealth
  2486 | D:4      | Reached XP level 5. HP: 21/49 MP: 5/5
  2596 | D:5      | Entered Level 5 of the Dungeon
  2686 | D:5      | Noticed Grinder
  2699 | D:4      | Noticed Robin
  2699 | D:4      | XOM: blink monster(s)
  2706 | D:4      | XOM: chaos upgrade
  2745 | D:4      | Reached skill level 8 in Stealth
  2745 | D:4      | Killed Robin
  2807 | D:4      | XOM: summons 3 hostile demons
  2808 | D:4      | Noticed a smoke demon
  2816 | D:4      | HP: 1/49 [smoke demon/ball of steam[Xom] (7)]
  2817 | D:4      | Killed from afar by a smoke demon

Illustrated notes

Levels and vault maps discovered:
D:1:      dpeg_arrival_arbitrary_c, layout_rooms, serial_shops,
          nicolae_diamond_shop, dk_noncrumbling_4
D:2:      layout_loops_cross, ebering_ecumenical_altar_abandoned
D:3:      layout_basic
D:4:      layout_basic, fedhas_altar_fruit_tree, lemuel_temple_firewalk_a,
          uniq_robin, uniq_ijyb, uniq_pikel
D:5:      corexii_shantytown, layout_cave_pools,
          nicolae_qazlal_eye_of_the_storm, uniq_eustachio, uniq_grinder,
          uniq_blork_the_orc

Skill      XL: |  1  2  3  4  5 |
---------------+----------------+-----
Stealth        | 2 4 5 7 8 |  8.4
Fighting       | |  3.0
Armour         | |  1.5
Dodging        | |  0.7
Unarmed Combat | |  3.0

Action                     |  1- 3 |  4- 6 || total
---------------------------+-------+-------++-------
  Melee: Unarmed           |    93 |    14 ||   107
         Punch             |     3 |     2 ||     5
         Dagger            |       |    88 ||    88
Ability: Spit Poison       |    30 |    23 ||    53
    Use: Scroll            |     5 |     3 ||     8
         Potion            |     1 |     1 ||     2
 Armour: Leather armour    |   104 |    99 ||   203
  Dodge: Dodged            |    62 |    52 ||   114
